 Dungeon Crawl Stone Soup version 0.27.1-33-g824d729ab1 (webtiles) character file.

Game seed: 11185040752616845

179 Destapler the Skirmisher (level 5, 0/42 HPs)
             Began as a Demonspawn Monk on Dec 23, 2021.
             Was a Believer of Yredelemnul.
             Succumbed to Sigmund's poison
             ... on level 2 of the Dungeon.
             The game lasted 00:07:36 (2620 turns).

Destapler the Skirmisher (Demonspawn Monk)          Turns: 2620, Time: 00:07:37

Health: 0/42       AC:  3    Str: 11    XL:     5   Next: 32%
Magic:  6/6        EV: 13    Int: 11    God:    Yredelemnul [**....]
Gold:   28         SH:  0    Dex: 17    Spells: 4/4 levels left

rFire    . . .     SeeInvis .   a - +1 spear
rCold    . . .     Faith    .   (no shield)
rNeg     . . .     Spirit   .   b - +1 robe
rPois    .         Reflect  .   (no helmet)
rElec    .         Harm     .   (no cloak)
rCorr    .         Rampage  .   (no gloves)
Will     .....                  (no boots)
Stlth    ++........             (no amulet)
HPRegen  0.14/turn              (no ring)
MPRegen  0.10/turn              (no ring)

@: lethally poisoned (0 -> -10), very slightly contaminated, invisible
A: claws 1, foul stench 2
a: Renounce Religion, Animate Remains, Recall Undead Slaves, Injury Mirror


You were on level 2 of the Dungeon.
You worshipped Yredelemnul.
Yredelemnul was pleased with you.
You visited 1 branch of the dungeon, and saw 2 of its levels.

You collected 28 gold pieces.

Inventory:

Hand Weapons
 a - a +1 spear (weapon)
Armour
 b - a +1 robe (worn)
Scrolls
 i - a scroll of identify {unknown}
Potions
 h - a potion of invisibility


   Skills:
 + Level 4.2 Fighting
 + Level 3.2 Polearms
 + Level 0.7 Armour
 + Level 3.2 Dodging
 - Level 3.0 Stealth
 + Level 0.7 Shields
 + Level 1.4 Invocations


You had 4 spell levels left.
You didn't know any spells.
Your spell library was empty.

Dungeon Overview and Level Annotations

Branches:
Dungeon (2/15)

Altars:
Yredelemnul

Annotations:
D:1 exclusion: downstairs
D:2 Sigmund


Innate Abilities, Weirdness & Mutations

You have sharp fingernails.
You sometimes emit foul miasma when damaged in melee.


Message History

You see here a giant cockroach corpse.
Sigmund the Dreaded comes into view.
He is wielding a +1 scythe of venom.
Sigmund is nearby!
Sigmund is nearby!
Sigmund shouts!
Sigmund points at you and mumbles some strange words.
You are confused.
You're too confused to move!
Sigmund mumbles some strange words.
Sigmund flickers and vanishes!
Deactivating autopickup; reactivate with Ctrl-A.
You bump into the rock wall.
Something hits you!
You are poisoned.
You bump into the rock wall.
You feel very sick.
It was a potion of invisibility.
You fade into invisibility!
You feel less confused.
You feel very sick. Something hits you.
You are lethally poisoned!
You are very lightly contaminated with residual magic.
Okay, then.
As you read the scroll labelled ASUREDGHIDOWN, it crumbles to dust.
It is a scroll of enchant armour.
Your +0 robe glows green for a moment.
* * * LOW HITPOINT WARNING * * *
You feel very sick. Something hits you!
* * * LOW HITPOINT WARNING * * *
As you read the scroll labelled DECVAOKUOG, it crumbles to dust.
It is a scroll of enchant weapon.
Your +0 spear glows red for a moment.
* * * LOW HITPOINT WARNING * * *
You feel very sick.
As you read the scroll labelled DEOQETERUC, it crumbles to dust.
You feel a surge of unholy energy.
Something is bathed in an unholy light!
It was a scroll of torment.
You die...
Your body rises from the dead as a mindless zombie.

.......#
#.####.#####.##
⌠._.⌠..#
####..)...# #.#
.......######
#....###### #.#
8.⌠.8.......#
#.##.# #.#
.......####†#
#.##.# #.#
.......# #)#
#.##.# #.#
######## #.#
#.##.# .. #.#
#.##.# #.#
#@##.# #.#
#.##.# #.# #{#
#.# #.# #.# #.#
#.# #.# #.# #.#
#.# #.# #.#


There were no monsters in sight!

Vanquished Creatures
  A phantom (D:2)
  Terence (D:2)
  2 adders
  3 dart slugs (D:1)
  4 ball pythons (D:1)
  5 endoplasms
  4 giant cockroaches
  2 goblins
  3 hobgoblins (D:1)
  2 jackals (D:2)
  2 kobolds (D:1)
  A quokka (D:2)
  8 bats (D:1)
  4 frilled lizards
  5 rats
47 creatures vanquished.

Notes
Turn   | Place    | Note
-------+----------+-------------------------------------------
     0 | D:1      | Destapler the Demonspawn Monk began the quest for the Orb.
     0 | D:1      | Reached XP level 1. HP: 18/18 MP: 1/1
   267 | D:1      | Gained mutation: You have sharp fingernails. [demonic
                  | ancestry]
   267 | D:1      | Reached XP level 2. HP: 11/24 MP: 2/2
   788 | D:1      | Gained mutation: You may rarely emit foul miasma when
                  | damaged in melee. [demonic ancestry]
   788 | D:1      | Reached XP level 3. HP: 27/29 MP: 3/3
  1643 | D:2      | Noticed a phantom
  1936 | D:2      | Noticed Terence
  1958 | D:2      | Killed Terence
  1959 | D:2      | Reached skill level 4 in Fighting
  1959 | D:2      | Gained mutation: You sometimes emit foul miasma when
                  | damaged in melee. [demonic ancestry]
  1959 | D:2      | Reached XP level 4. HP: 19/37 MP: 4/4
  2112 | D:2      | Found a faded altar of an unknown god.
  2129 | D:2      | Became a worshipper of Yredelemnul the Dark
  2129 | D:2      | Reached * piety under Yredelemnul
  2129 | D:2      | Reached ** piety under Yredelemnul
  2336 | D:2      | Killed a phantom
  2337 | D:2      | Reached skill level 1 in Invocations
  2337 | D:2      | Reached XP level 5. HP: 17/42 MP: 4/6
  2610 | D:2      | Noticed Sigmund
  2620 | D:2      | Succumbed to Sigmund's poison

Illustrated notes

Levels and vault maps discovered:
D:1:      scummos_arrival_forest, layout_basic, minmay_strange_pillars,
          chequers_serial_rivers_micro_b
D:2:      layout_loops_ring, hellmonk_ecumenical_altar_dog_temple, uniq_sigmund,
          uniq_terence, uniq_natasha, uniq_jessica

Skill      XL: |  1  2  3  4 |
---------------+-------------+-----
Stealth        | 2 3 |  3.0
Dodging        | 3 |  3.2
Polearms       | 3 |  3.2
Fighting       | 4 |  4.2
Invocations    | 1 |  1.4
Armour         | |  0.7
Shields        | |  0.7

Action                   |  1- 3 |  4- 6 || total
-------------------------+-------+-------++-------
Melee: Spear             |   170 |    33 ||   203
Invok: Injury Mirror     |       |     1 ||     1
  Use: Potion            |     2 |     1 ||     3
       Scroll            |       |     3 ||     3
 Stab: Sleeping          |    10 |     2 ||    12
       Distracted        |       |     2 ||     2
Armor: Robe              |    29 |     3 ||    32
Dodge: Dodged            |    85 |    14 ||    99
